 Dungeon Crawl Stone Soup version 0.24.1-5-g77f818bfca (webtiles) character file.

Game seed: 17569611903506896735, levelgen mode: deterministic

235 Peloso the Slasher (level 5, -1/47 HPs)
             Began as a Minotaur Fighter on Apr 23, 2020.
             Was an Initiate of Okawaru.
             Killed by nerve-wracking pain
             ... invoked by an orc priest
              (4 damage)
             ... on level 2 of the Dungeon.
             The game lasted 00:07:31 (1728 turns).

Peloso the Slasher (Minotaur Fighter)               Turns: 1728, Time: 00:07:31

Health: -1/47      AC: 14    Str: 20    XL:     5   Next: 76%
Magic:  4/4        EV:  6    Int:  5    God:    Okawaru [......]
Gold:   166        SH:  9    Dex: 11    Spells: 4/4 levels left

rFire    . . .     SeeInvis .   a - +0 long sword
rCold    . . .     Gourm    .   c - +0 shield
rNeg     . . .     Faith    .   l - +0 chain mail
rPois    .         Spirit   .   (helmet restricted)
rElec    .         Reflect  .   (no cloak)
rCorr    .         Harm     .   (no gloves)
MR       .....                  (no boots)
Stlth    ..........             (no amulet)
HPRegen  0.15/turn              k - +5 ring of protection
MPRegen  0.09/turn              p - ring of wizardry

@: no status effects
A: retaliatory headbutt, horns 2
a: Renounce Religion


You were on level 2 of the Dungeon.
You worshipped Okawaru.
Okawaru was noncommittal.
You were hungry.

You visited 1 branch of the dungeon, and saw 4 of its levels.

You collected 166 gold pieces.

Inventory:

Hand Weapons
 a - a +0 long sword (weapon)
Armour
 b - a +0 scale mail
 c - a +0 shield (worn)
 l - a +0 chain mail (worn)
Jewellery
 k - a +5 ring of protection (left hand)
 p - a ring of wizardry (right hand)
Scrolls
 e - 3 scrolls of teleportation {unknown}
 g - 7 scrolls of identify
 i - 2 scrolls of immolation {unknown}
 j - a scroll of blinking {unknown}
Potions
 d - a potion of might
 o - a potion of mutation
Comestibles
 f - 3 rations


   Skills:
 + Level 4.5 Fighting
 + Level 5.0 Long Blades
 + Level 4.7 Armour
 + Level 0.8 Dodging
 + Level 0.2 Stealth
 + Level 4.7 Shields


You had 4 spell levels left.
You didn't know any spells.
Your spell library was empty.

Dungeon Overview and Level Annotations

Branches:
Dungeon (4/15)
 Temple: D:4-7

Altars:
Gozag
Okawaru
Zin


Innate Abilities, Weirdness & Mutations

You reflexively headbutt those who attack you in melee.
You have a pair of horns on your head.


Message History

The orc priest is almost dead.
The jackal bites you but does no damage.
The orc priest mumbles some strange prayers to Beogh against you.
Pain shoots through your body! You block the jackal's attack.
Your chain mail prevents you from hitting the orc priest.
The orc priest is almost dead.
The orc priest mumbles some strange prayers to Beogh against you.
Beogh smites you!
* * * LOW HITPOINT WARNING * * *
The jackal bites you but does no damage.
The orc priest hits you with a +0 flail.
* * * LOW HITPOINT WARNING * * *
The jackal bites you but does no damage.
Okay, then.
You closely miss the orc priest. Your headbutt misses the orc priest.
The orc priest is almost dead.
The jackal bites you but does no damage.
The orc priest mumbles some strange prayers to Beogh against you.
Pain shoots through your body!
You die...

.....#..(..##### #.#
############## #.#
...........#.######.#
###..........[......#
###.######...###....#
....#....###.#....#.#
#####.##.# #.#.#(.#.#
......##.#
#.#.#h.#.##
########.#
#...#@.#..#
#.#######.o#.##
#.#........#.#
##.#.######.#.#
#..#.# #.#.## #.##.#
#....# #....# ######
####.# ###


You could see an orc priest and a jackal.

Vanquished Creatures
  Eustachio (D:4)
  A hound (D:4)
  2 adders
  An ooze (D:1)
  2 worms
  2 leopard geckos
  2 orcs (D:3)
  A ball python (D:1)
  2 bats (D:2)
  3 giant cockroaches (D:3)
  2 goblins
  2 hobgoblins
  4 jackals (D:2)
  3 kobolds
  4 frilled lizards
  5 rats
37 creatures vanquished.

Notes
Turn   | Place    | Note
-------+----------+-------------------------------------------
     0 | D:1      | Peloso the Minotaur Fighter began the quest for the Orb.
     0 | D:1      | Reached XP level 1. HP: 19/19 MP: 0/0
   136 | D:1      | Reached XP level 2. HP: 24/27 MP: 1/1
   819 | D:2      | Reached XP level 3. HP: 29/33 MP: 2/2
   909 | D:2      | Found a glowing silver altar of Zin.
  1148 | D:2      | You fall into a shaft and drop 2 floors!
  1148 | D:4      | Noticed Eustachio
  1179 | D:4      | Reached skill level 3 in Long Blades
  1197 | D:4      | Killed Eustachio
  1197 | D:4      | Reached skill level 4 in Long Blades
  1197 | D:4      | Reached XP level 4. HP: 41/41 MP: 3/3
  1197 | D:4      | Reached XP level 5. HP: 47/47 MP: 4/4
  1387 | D:2      | Found an iron altar of Okawaru.
  1477 | D:2      | Became a worshipper of Warmaster Okawaru
  1689 | D:3      | Found an opulent altar of Gozag.
  1692 | D:3      | Reached skill level 5 in Long Blades
  1728 | D:2      | Killed from afar by an orc priest

Levels and vault maps discovered:
D:1:      psy_arrival_statuary, layout_basic
D:2:      layout_basic, zin_treasury, nicolae_overflow_crystal_walls,
          kennysheep_generic_room_11
D:3:      layout_rooms, lemuel_crystal_altar, fiery_altar_vehumet
D:4:      layout_rooms, tso_oasis_becter, xom_butterflies, first_ration,
          uniq_eustachio

Skill      XL: |  1  2  3  4  5 |
---------------+----------------+-----
Shields        | 4 |  4.7
Fighting       | 4 |  4.5
Armour         | 4 |  4.7
Long Blades    | 4 5 |  5.0
Dodging        | |  0.8
Stealth        | |  0.2

Action                   |  1- 3 |  4- 6 || total
-------------------------+-------+-------++-------
Melee: Long sword        |    63 |    39 ||   102
       Headbutt          |    15 |     8 ||    23
  Use: Potion            |     2 |     2 ||     4
       Scroll            |       |     1 ||     1
  Eat: Chunk             |       |     2 ||     2
Armor: Scale mail        |    21 |       ||    21
       Chain mail        |    18 |    25 ||    43
Dodge: Dodged            |    19 |     3 ||    22
Block: Shield            |    23 |    13 ||    36
       Rpst.: Long sword |     7 |     1 ||     8
